 Dungeon Crawl Stone Soup version 0.29.1-13-g9f3cf754e1 (webtiles) character file.

Game seed: 14510845363513214969

12420 RapScallion the Cleaver (level 11, -7/95 (99) HPs)
             Began as a Hill Orc Fighter on Jan 21, 2023.
             Was an Elder of Okawaru.
             Killed from afar by an orc sorcerer (34 damage)
             ... with a bolt of fire
             ... on level 1 of the Orcish Mines.
             The game lasted 01:05:35 (15792 turns).

RapScallion the Cleaver (Hill Orc Fighter)         Turns: 15792, Time: 01:05:36

HP:   -7/95 (99)    AC: -5    Str: 22    XL:     11   Next: 93%
MP:   4/13          EV:  9    Int:  8    God:    Okawaru [****..]
Gold: 622           SH: 11    Dex: 17    Spells: 10/10 levels left

rFire   . . .      SeeInvis .   F - +10 broad axe "Likhasha" {vorpal, rElec rPois Str-2 Dex+7}
rCold   + . .      Faith    .   E - +0 kite shield
rNeg    . . .      Spirit   .   b - +0 scale mail
rPois   +          Reflect  .   (no helmet)
rElec   +          Harm     .   (no cloak)
rCorr   .          Rampage  .   I - +2 pair of gloves {infuse}
Will    .....                   d - +0 pair of boots
Stlth   ..........              (no amulet)
HPRegen 0.25/turn               n - ring of poison resistance
MPRegen 0.13/turn               k - ring of protection from cold

@: corroded, lightly drained
A: no striking features
a: Renounce Religion, Heroism, Finesse


You were on level 1 of the Orcish Mines.
You worshipped Okawaru.
Okawaru was greatly pleased with you.
You visited 3 branches of the dungeon, and saw 15 of its levels.

You collected 808 gold pieces.
You spent 186 gold pieces at shops.

Inventory:

Hand Weapons
 a - a +1 war axe
 t - a +5 hand axe of draining
 F - the +10 broad axe "Likhasha" (weapon) {vorpal, rElec rPois Str-2 Dex+7}
   (You found it on level 9 of the Dungeon)

   It inflicts extra damage upon your enemies.
   Str:       It affects your strength (-2).
   Dex:       It affects your dexterity (+7).
   rElec:     It insulates you from electricity.
   rPois:     It protects you from poison.
 G - the +10 halberd of the Vulture {freeze, rElec rPois}
   (You found it on level 9 of the Dungeon)

   It freezes those it strikes, dealing additional cold damage.
   It can also slow down cold-blooded creatures.
   rElec:     It insulates you from electricity.
   rPois:     It protects you from poison.
 L - a +0 triple crossbow
Armour
 b - a +0 scale mail (worn)
 d - a +0 pair of boots (worn)
 j - a +1 leather armour of fire resistance
 E - a +0 kite shield (worn)
 I - a +2 pair of gloves of infusion (worn)
Jewellery
 c - a ring of fire
 k - a ring of protection from cold (right hand)
 n - a ring of poison resistance (left hand)
 q - a +4 ring of evasion
 w - a +6 ring of dexterity
 x - a +6 ring of dexterity
 D - a ring of willpower
 J - a ring of flight
 N - a ring of willpower
 O - an amulet of guardian spirit
 P - a ring of protection from cold
 S - a ring of positive energy
Wands
 y - a wand of mindburst (29)
 K - a wand of polymorph (3)
 M - a wand of acid (12)
Scrolls
 e - 4 scrolls of immolation
 f - 8 scrolls of teleportation
 h - 4 scrolls of enchant armour
 i - 3 scrolls of magic mapping
 r - 5 scrolls of fear
 u - a scroll of blinking
Potions
 g - 2 potions of heal wounds
 l - 3 potions of resistance
 m - a potion of haste {unknown}
 o - 8 potions of curing
 p - 2 potions of attraction
 s - 2 potions of ambrosia
 v - 3 potions of brilliance
 z - 2 potions of flight
 A - 3 potions of lignification
 B - 3 potions of mutation
 C - a potion of magic {unknown}
 H - 2 potions of degeneration {unknown}


   Skills:
 + Level 9.9 Fighting
 + Level 14.4 Axes
 + Level 11.5 Armour
 - Level 1.1 Dodging
 + Level 9.0 Shields
 + Level 3.9 Invocations


You had 10 spell levels left.
You didn't know any spells.
Your spell library contained the following spells:

 Spells                   Type           Power      Damage    Failure   Level
 Freeze                   Ice            0%         1d3       91%         1
 Frozen Ramparts          Ice            0%         1d1       100%        3
 Inner Flame              Hex/Fire       0%         N/A       100%        3
 Cause Fear               Hex            0%         N/A       100%        4
 Hailstorm                Conj/Ice       0%         3d3       100%        4
 Petrify                  Tmut/Erth      0%         N/A       100%        4
 Metabolic Englaciation   Hex/Ice        0%         N/A       100%        5
 Statue Form              Tmut/Erth      0%         N/A       100%        6
 Orb of Destruction       Conj           0%         9d5       100%        7
 Discord                  Hex            0%         N/A       100%        8
 Summon Guardian Golem    Hex/Summ       Unusable   N/A       N/A         3
 Spellforged Servitor     Conj/Summ      Unusable   N/A       N/A         7

Dungeon Overview and Level Annotations

Branches:
Dungeon (13/15)            Temple (1/1) D:4            Lair (0/5) D:9
    Orc (1/2) D:12
 Vaults: D:13-14

Altars:
Ashenzari
Cheibriados
Dithmenos
Elyvilon
Fedhas
Gozag
Hepliaklqana
Kikubaaqudgha
Makhleb
Nemelex Xobeh
Okawaru
Qazlal
Ru
Sif Muna
Trog
Uskayaw
Vehumet
Wu Jian
Xom
Yredelemnul
Zin
The Shining One

Shops:
D:1 ((*(   D:2 *   D:9 *

Annotations:
D:7 3 runed translucent doors, LustLizard's ghost, novice HOFE
D:11 3 runed translucent doors, RapScallion's ghost, journeyman HuFi


Message History

You barely miss the rust devil.
The rust devil is lightly wounded.
The rust devil hits you. The rust devil corrodes you!
You slash the rust devil!
The rust devil is moderately wounded.
You block the rust devil's attack.
The orc sorcerer shouts, "You can't withstand my power!"
You barely miss the rust devil.
The rust devil is moderately wounded.
The rust devil hits you. The rust devil corrodes you!
You slice the rust devil!!
The rust devil is severely wounded.
The orc sorcerer mumbles some strange words.
The rust devil hits you. The rust devil corrodes you!
You barely miss the rust devil.
The rust devil is severely wounded.
The rust devil hits you! The rust devil corrodes you!
You slash the rust devil!
You kill the rust devil!
The rust devil disappears in a puff of smoke!
You hit the orc sorcerer but do no damage.
The orange demon stings you from afar.
The orc sorcerer points at you and mumbles some strange words.
The bolt of negative energy hits you!!
You feel drained.
You hit the orc sorcerer.
The orc sorcerer is lightly wounded.
The orange demon stings you from afar!
* * * LOW HITPOINT WARNING * * *
You are lethally poisoned!
The orange demon poisons you! You block the orc sorcerer's attack.
You feel better.
The orc sorcerer hits you with a +0 dagger.
* * * LOW HITPOINT WARNING * * *
The orange demon stings you from afar!
* * * LOW HITPOINT WARNING * * *
You feel much better. The orange demon stings you from afar!
* * * LOW HITPOINT WARNING * * *
The orc sorcerer casts a spell at you. The bolt of fire hits you!!
You die...

..........#
..........
.........
....#...#
.....#..###
#....4##
##...4.#
###.#o##
##...@##
#....##
##.....#
#......#
##....##
###.## ###


You could see 2 orange demons and an orc sorcerer.

Vanquished Creatures
  Josephine (D:12)
  A boulder beetle (D:9)
  Pikel (D:7)
  A cyclops (D:11)
  An unseen horror (D:11)
  A kobold demonologist (D:11)
  A komodo dragon (D:12)
  2 trolls (D:11)
  A shadow (D:10)
  A spriggan (shapeshifter) (D:9)
  A wyvern (D:8)
  3 wraiths
  3 yaks (D:9)
  Eustachio (D:5)
  2 steam dragons (D:7)
  Menkaure (D:7)
  3 vampire mosquitoes (D:12)
  A warg (D:12)
  A water moccasin (D:6)
  Duvessa (D:6)
  A black bear (D:5)
  3 orc warriors
  A sky beast (D:7)
  2 ogres (D:5)
  2 centaurs
  3 lemures
  7 kobold brigands
  5 bullfrogs
  A gnoll sergeant (D:8)
  2 scorpions
  3 wights (D:8)
  Dowan (D:6)
  16 killer bees
  A howler monkey (D:10)
  3 hounds
  A jelly (D:6)
  9 orc priests
  4 gnoll boudas
  Natasha (thrice) (D:4)
  3 iguanas
  6 orc wizards
  8 adders
  24 gnolls
  2 shadow imps
  3 white imps
  2 ufetubi
  3 worms
  A dart slug (D:1)
  41 orcs
  5 ball pythons
  7 endoplasms
  2 giant cockroaches (D:3)
  11 goblins
  8 hobgoblins
  2 jackals (D:2)
  2 quokkas
  5 bats
  2 frilled lizards
  37 kobolds
  6 rats
276 creatures vanquished.

Notes
Turn   | Place    | Note
-------+----------+-------------------------------------------
     0 | D:1      | RapScallion the Hill Orc Fighter began the quest for the
                  | Orb.
     0 | D:1      | Reached XP level 1. HP: 19/19 MP: 1/1
    64 | D:1      | Found Soat's Antique Weapon Boutique.
   132 | D:1      | Reached XP level 2. HP: 23/27 MP: 2/2
   465 | D:1      | Reached skill level 3 in Axes
   637 | D:1      | Found Qumounlo's Magic Scroll Shop.
   645 | D:1      | Found Pockiur's Antique Weapon Boutique.
   752 | D:1      | Found Sowedoduh's Assorted Antiques.
   862 | D:1      | Found Maohemp's Weapon Boutique.
   999 | D:2      | Reached XP level 3. HP: 33/33 MP: 3/3
  1417 | D:2      | Found a basalt altar of Yredelemnul.
  1450 | D:2      | Found Kablellie's Assorted Antiques.
  1568 | D:3      | Reached skill level 4 in Axes
  1670 | D:3      | Reached XP level 4. HP: 40/40 MP: 4/4
  2102 | D:3      | Found a glowing golden altar of the Shining One.
  2399 | D:3      | Found a faded altar of an unknown god.
  2511 | D:3      | Reached XP level 5. HP: 46/47 MP: 5/5
  2513 | D:3      | Reached skill level 1 in Dodging
  2515 | D:3      | Reached skill level 5 in Axes
  2681 | D:4      | Noticed Natasha
  2688 | D:4      | Killed Natasha
  3277 | D:1      | Bought a runed hand axe for 186 gold pieces
  3344 | D:4      | Found a sparkling altar of Nemelex Xobeh.
  3617 | D:4      | Found a stormy altar of Qazlal.
  3618 | D:4      | Noticed Natasha
  3627 | D:4      | Killed Natasha
  3743 | D:4      | Found a staircase to the Ecumenical Temple.
  3752 | Temple   | Entered the Ecumenical Temple
  3806 | Temple   | Became a worshipper of Warmaster Okawaru
  4112 | D:4      | Reached skill level 6 in Axes
  4112 | D:4      | Reached XP level 6. HP: 53/53 MP: 6/6
  4208 | D:4      | Noticed Natasha
  4212 | D:4      | Killed Natasha
  4504 | D:5      | Entered Level 5 of the Dungeon
  4751 | D:5      | Reached skill level 5 in Fighting
  4937 | D:5      | Reached XP level 7. HP: 61/61 MP: 7/7
  4950 | D:5      | Reached skill level 7 in Axes
  5110 | D:5      | Reached skill level 5 in Armour
  5277 | D:5      | Reached * piety under Okawaru
  5378 | D:5      | Noticed Eustachio
  5392 | D:5      | Killed Eustachio
  5393 | D:5      | Reached skill level 8 in Axes
  5589 | D:5      | Reached XP level 8. HP: 42/69 MP: 8/8
  5972 | D:5      | Found a sacrificial altar of Ru.
  6135 | D:6      | Reached ** piety under Okawaru
  6252 | D:6      | Noticed Duvessa
  6252 | D:6      | Noticed Dowan
  6259 | D:6      | Killed Dowan
  6266 | D:6      | Killed Duvessa
  6280 | D:6      | Reached skill level 9 in Axes
  6694 | D:6      | Found a hide-covered altar of Uskayaw.
  6750 | D:6      | Found a shimmering blue altar of Sif Muna.
  7245 | D:7      | Noticed Pikel
  7513 | D:7      | Reached XP level 9. HP: 73/78 MP: 9/9
  7515 | D:7      | Reached skill level 10 in Axes
  7526 | D:7      | Reached *** piety under Okawaru
  7965 | D:7      | Identified the +0 robe of Resonance {Dex+3}
  7984 | D:7      | Reached skill level 5 in Shields
  8347 | D:7      | Killed Pikel
  8347 | D:7      | Reached **** piety under Okawaru
  8348 | D:7      | Reached skill level 11 in Axes
  8374 | D:7      | Noticed Menkaure
  8380 | D:7      | Killed Menkaure
  8495 | D:7      | Found a runed translucent gate.
  8496 | D:7      | Found a runed translucent gate.
  8497 | D:7      | Found a runed translucent gate.
  8502 | D:7      | Noticed LustLizard's ghost (novice HOFE)
  8535 | D:7      | Reached XP level 10. HP: 88/88 MP: 10/10
  8658 | D:7      | Reached skill level 1 in Invocations
  8857 | D:8      | Reached skill level 12 in Axes
  9215 | D:8      | Found a white marble altar of Elyvilon.
  9866 | D:8      | Found a hazy altar of Hepliaklqana.
  9933 | D:9      | Noticed a boulder beetle
  9934 | D:9      | Found a staircase to the Lair.
 10176 | D:9      | Noticed a two-headed ogre
 10182 | D:9      | Reached skill level 13 in Axes
 10703 | D:9      | Found Vugaxi's Assorted Antiques.
 10748 | D:8      | Banished a two-headed ogre
 10749 | D:8      | Reached skill level 10 in Armour
 10905 | D:9      | Found a radiant altar of Vehumet.
 10905 | D:9      | Found a broken altar of Ashenzari.
 11111 | D:9      | Killed a boulder beetle
 11112 | D:9      | Reached XP level 11. HP: 85/95 MP: 9/12
 11153 | D:9      | Noticed a boulder beetle
 11189 | D:9      | Banished a boulder beetle
 11214 | D:9      | Identified the +10 broad axe "Likhasha" {vorpal, rElec
                  | rPois Str-2 Dex+7}
 11273 | D:9      | Identified the +10 halberd of the Vulture {freeze, rElec
                  | rPois}
 11442 | D:10     | Entered Level 10 of the Dungeon
 11688 | D:10     | Found an opulent altar of Gozag.
 12564 | D:11     | You fall into a shaft and drop 2 floors!
 12630 | D:12     | Reached ***** piety under Okawaru
 12875 | D:12     | Noticed a two-headed ogre
 13070 | D:11     | Found a runed translucent gate.
 13070 | D:11     | Found a runed translucent gate.
 13070 | D:11     | Found a runed translucent gate.
 13073 | D:11     | Noticed a two-headed ogre
 13076 | D:11     | Noticed RapScallion's ghost (journeyman HuFi)
 13076 | D:11     | Noticed a two-headed ogre
 13083 | D:11     | Noticed a cyclops
 13089 | D:11     | Noticed a minotaur
 13102 | D:11     | Killed a cyclops
 13771 | D:11     | Reached skill level 14 in Axes
 14291 | D:11     | Found a stormy altar of Qazlal.
 14548 | D:12     | Noticed Josephine
 14789 | D:12     | Banished a two-headed ogre
 14847 | D:12     | Killed Josephine
 15059 | D:12     | Noticed a manticore
 15068 | D:12     | Banished a manticore
 15109 | D:12     | Found a staircase to the Orcish Mines.
 15330 | D:12     | Found a shadowy altar of Dithmenos.
 15756 | Orc:1    | Entered Level 1 of the Orcish Mines
 15767 | Orc:1    | Noticed an orc sorcerer
 15774 | Orc:1    | Noticed a sixfirhy
 15792 | Orc:1    | Killed from afar by an orc sorcerer

Illustrated notes

Levels and vault maps discovered:
D:1:      psy_arrival_radial01, layout_basic, serial_shops, shop, shop,
          nicolae_shop_hallway_stairs, nicolae_shop_hallway_stairs, shop
D:2:      layout_rooms, serial_shops, nicolae_shop_trees, basic_altar
D:3:      layout_basic, general_overflow_altar, serial_glass, glass_columns_a,
          glass_columns_b, feat_on_display, due_unseen_surprise,
          item_on_display_a, minmay_strange_pillars,
          dreamdust_ecumenical_altar_angels_and_demons
D:4:      layout_basic, nicolae_overflow_crystal_walls, lemuel_doored_altar,
          lemuel_temple_firewalk_b, uniq_natasha
D:5:      layout_loops_cross, nicolae_ru_path_of_blood, uniq_eustachio
D:6:      layout_loops_ring, mainiacjoe_overflow_alcove_2,
          nicolae_overflow_hidden_temple, st_stairs_4, uniq_duvessa
D:7:      layout_basic, gammafunk_ghost_nasty_kobolds, uniq_menkaure, uniq_pikel
D:8:      layout_rooms, elyvilon_altar_3, worldfamousw_hep_ancestral_shrine
D:9:      layout_gridville, gammafunk_temple_overflow_wave, lair_entry_dummy,
          enter_bailey_3, serial_shops, shop, minmay_diamond_spiral
D:10:     layout_layer_cave, nicolae_gozag_seed_capital
D:11:     layout_irregular_city, maelrawn_ghost_gauntlet_escape,
          nicolae_qazlal_scattered_showers
D:12:     layout_cave_pools, david_orc_3, serial_column_ruins,
          column_ruins_open_tiny, column_ruins_open_large, column_ruins_grid_1,
          column_ruins_open_tiny, grunt_dithmenos_smoke_and_mirrors,
          uniq_josephine
D:13:     layout_irregular_city, serial_shops, nicolae_stop_n_shop_2
Temple:   grunt_temple_mini_profane
Orc:1:    layout_caves, mines_bat_river, uniq_sonja, uniq_nergalle

Skill      XL: |  1  2  3  4  5  6  7  8  9 10 11 |
---------------+----------------------------------+-----
Axes           | 3 4 6 8 9 11 13 14 | 14.4
Fighting       | 4 5 6 7 8 9 |  9.9
Dodging        | 1 |  1.1
Armour         | 4 5 7 8 10 11 | 11.5
Shields        | 4 5 7 9 |  9.0
Invocations    | 2 3 |  3.9

Action                   |  1- 3 |  4- 6 |  7- 9 | 10-12 || total
-------------------------+-------+-------+-------+-------++-------
Melee: War axe           |   102 |    70 |       |       ||   172
       Hand axe          |       |    55 |   186 |   284 ||   525
       Broad axe         |       |       |       |    14 ||    14
Invok: Heroism           |       |       |     4 |    16 ||    20
       Finesse           |       |       |       |     1 ||     1
  Use: Scroll            |     1 |     7 |     8 |     8 ||    24
       Potion            |       |     1 |     1 |     4 ||     6
Armor: Scale mail        |    49 |    58 |    55 |   105 ||   267
Dodge: Dodged            |    49 |    65 |    53 |   110 ||   277
Block: Buckler           |    25 |    34 |    37 |    28 ||   124
       Kite shield       |       |       |       |   123 ||   123
